 Dungeon Crawl Stone Soup version 0.22-a0-603-gfc1114d (webtiles) character file.

2621 Hebeh the Poker (level 9, -4/79 HPs)
             Began as a Minotaur Fighter on July 7, 2018.
             Was a Follower of Trog.
             Slain by an orc warrior
             ... wielding a cursed -3 flail
              (18 damage)
             ... on level 7 of the Dungeon.
             The game lasted 00:22:19 (6943 turns).

Hebeh the Poker (Minotaur Fighter)                  Turns: 6943, Time: 00:22:19

Health: -4/79      AC: 11    Str: 25    XL:     9   Next: 34%
Magic:  8/8        EV:  8    Int:  5    God:    Trog [*.....]
Gold:   347        SH: 13    Dex: 12    Spells: 8/8 levels left

rFire    . . .     SeeInvis .   a - +3 spear (pierce)
rCold    . . .     Gourm    .   c - +2 shield
rNeg     . . .     Faith    .   w - +1 scale mail {rPois}
rPois    +         Spirit   .   (helmet restricted)
rElec    .         Reflect  .   (no cloak)
rCorr    .         Harm     .   q - +0 pair of gloves
MR       .....                  C - +0 pair of boots
Stlth    ..........             (no amulet)
HPRegen  0.23/turn              E - +3 ring of dexterity
MPRegen  0.11/turn              (no ring)

@: no status effects
A: retaliatory headbutt, horns 2
a: Berserk, Renounce Religion


You were on level 7 of the Dungeon.
You worshipped Trog.
Trog was aware of your devotion.
You were not hungry.

You visited 2 branches of the dungeon, and saw 8 of its levels.

You collected 473 gold pieces.
You spent 126 gold pieces at shops.

Inventory:

Hand Weapons
 a - a +3 spear of piercing (weapon)
 b - a +0 hunting sling
 l - a +1 war axe
Missiles
 e - 9 sling bullets
 m - 388 stones (quivered)
Armour
 c - a +2 shield (worn)
 j - a +0 scale mail
 q - a +0 pair of gloves (worn)
 w - a +1 scale mail of poison resistance (worn)
 C - a +0 pair of boots (worn)
Jewellery
 E - a +3 ring of dexterity (left hand)
Scrolls
 g - 3 scrolls of teleportation
 i - a scroll of fog
 r - a scroll of remove curse
 t - a scroll of vulnerability {unknown}
 x - a scroll of immolation
 y - 4 scrolls of identify
Potions
 d - 3 potions of might
 h - a potion of agility
 k - a potion of mutation {unknown}
 n - a potion of ambrosia
 o - 2 potions of flight {unknown}
 p - 6 potions of curing
 v - a potion of brilliance {unknown}
 z - 2 potions of berserk rage {unknown}
 A - a potion of invisibility {unknown}
Comestibles
 f - 8 rations
 s - 7 chunks of flesh


   Skills:
 + Level 7.3 Fighting
 - Level 4.9(7.0) Axes
 * Level 7.8(8.4) Polearms
 + Level 4.9 Slings
 + Level 7.2 Armour
 + Level 7.4 Shields


You had 8 spell levels left.
You didn't know any spells.
Your spell library was empty.

Dungeon Overview and Level Annotations

Branches:
Dungeon (7/15)             Temple (1/1) D:5

Altars:
Ashenzari
Cheibriados
Dithmenos
Elyvilon
Fedhas
Gozag
Hepliaklqana
Makhleb
Okawaru
Qazlal
Ru
Sif Muna
Trog
Uskayaw
Vehumet
Wu Jian
Xom
Yredelemnul
Zin
The Shining One

Shops:
D:4 !(*:

Annotations:
D:6 2 runed doors, HydraWiggins's ghost, novice GnVM


Innate Abilities, Weirdness & Mutations

You reflexively headbutt those who attack you in melee.
You have a pair of horns on your head.


Message History

You closely miss the orc warrior.
The orc warrior is lightly wounded.
Something hits you but does no damage.
The orc throws a stone.
You block the stone.
You closely miss something. Something hits you but does no damage.
The orc warrior closely misses you.
The orc throws a stone.
You block the stone.
You puncture something! Trog accepts your kill.
Trog appreciates your killing of a magic user.
Reactivating autopickup.
You feel a bit more experienced. The orc warrior hits you with a flail.
* * * LOW HITPOINT WARNING * * *
The orc throws a stone.
You block the stone.
Items here: ( ) [ †† a stone; a dagger of speed; a robe; an orc corpse; a sky beast corpse You closely miss the orc.
You block the orc's attack. The orc warrior hits you with a flail!!
You die...

..#............
..####..................
######..................
##..........###.........
.+..........###.........
##..........+...........
##..........##..........
##..........##..........
##..........##(o@.......
..#+####+#####)(o.......
#.# #####.......... #.#
#..............
#.########.####(.[......
.<...........†.........#
.........#.###########.#
....... #.# .# ......
#.#


You could see an orc warrior and an orc.

Vanquished Creatures
  Sigmund (D:3)
  5 sky beasts
  A hornet zombie (D:6)
  4 ogres
  A phantom (D:7)
  2 centaurs
  A bullfrog (D:6)
  2 scorpions
  2 howler monkeys
  A bullfrog zombie (D:5)
  5 crimson imps
  3 hounds
  A jelly (D:6)
  5 orc priests
  A bullfrog skeleton (D:7)
  Jessica (D:3)
  5 orc wizards
  4 worker ants
  A hound skeleton (D:4)
  Robin (D:3)
  A howler monkey skeleton (D:6)
  3 gnolls (D:2)
  6 adders
  2 oozes
  An adder skeleton (D:7)
  2 dart slugs
  7 worms
  4 leopard geckos
  40 orcs
  3 ball pythons
  6 giant cockroaches
  14 goblins
  9 hobgoblins
  11 jackals
  6 kobolds
  A quokka (D:2)
  8 bats
  7 frilled lizards
  A quokka skeleton (D:5)
  A quokka zombie (D:6)
  8 rats
188 creatures vanquished.

Vanquished Creatures (others)
  A goblin (D:3)
1 creature vanquished.

Grand Total: 189 creatures vanquished

Notes
Turn   | Place    | Note
-------+----------+-------------------------------------------
     0 | D:1      | Hebeh the Minotaur Fighter began the quest for the Orb.
     0 | D:1      | Reached XP level 1. HP: 19/19 MP: 0/0
   171 | D:1      | Reached XP level 2. HP: 25/27 MP: 1/1
   615 | D:1      | Reached XP level 3. HP: 33/33 MP: 2/2
  1180 | D:2      | Reached XP level 4. HP: 23/40 MP: 3/3
  2000 | D:3      | Noticed Sigmund
  2000 | D:3      | Noticed Jessica
  2048 | D:3      | Noticed Robin
  2066 | D:2      | HP: 2/41 [poisoned by a kobold]
  2196 | D:3      | Reached XP level 5. HP: 23/47 MP: 4/4
  2409 | D:3      | Killed Robin
  2690 | D:3      | Killed Jessica
  2884 | D:3      | Reached skill level 1 in Polearms
  3036 | D:3      | Killed Sigmund
  3036 | D:3      | Reached skill level 5 in Fighting
  3036 | D:3      | Reached skill level 1 in Slings
  3036 | D:3      | Reached skill level 5 in Armour
  3036 | D:3      | Reached skill level 5 in Shields
  3036 | D:3      | Reached XP level 6. HP: 32/56 MP: 5/5
  3338 | D:4      | Found Vous's Book Boutique.
  3345 | D:4      | Reached XP level 7. HP: 61/61 MP: 6/6
  3349 | D:4      | Found Liqaun's General Store.
  3443 | D:4      | Found Daofy's Weapon Shoppe.
  3567 | D:4      | Found Bopac's Distillery.
  3570 | D:4      | Bought a potion of curing for 42 gold pieces
  3570 | D:4      | Bought a potion of curing for 42 gold pieces
  3570 | D:4      | Bought a potion of curing for 42 gold pieces
  3832 | D:4      | Found a sacrificial altar of Ru.
  3838 | D:4      | Found a radiant altar of Vehumet.
  3932 | D:5      | Entered Level 5 of the Dungeon
  4173 | D:5      | Reached XP level 8. HP: 64/70 MP: 7/7
  4260 | D:5      | Reached skill level 5 in Polearms
  4514 | D:5      | Found a staircase to the Ecumenical Temple.
  4864 | Temple   | Entered the Ecumenical Temple
  4870 | Temple   | Became a worshipper of Trog the Wrathful
  5009 | D:6      | Found a runed door.
  5118 | D:6      | Noticed HydraWiggins's ghost (novice GnVM)
  5226 | D:6      | Found a runed door.
  5980 | D:6      | Reached * piety under Trog
  5980 | D:6      | Reached XP level 9. HP: 78/78 MP: 8/8
  6943 | D:7      | Slain by an orc warrior

Vault maps used:
D:1:      onia_arrival_larder
D:2:      first_ration
D:3:      uniq_sigmund, uniq_jessica, uniq_robin
D:4:      minitemple, serial_shops, shop, shop, kennysheep_mini_moat, shop
D:5:      minmay_temple_entry_nine_rooms
D:6:      ebering_ghost_sewer_f
D:7:      the_bakery
Temple:   nicolae_temple_no_exploring_needed

Skill      XL: |  1  2  3  4  5  6  7  8  9 |
---------------+----------------------------+-----
Axes           | 3 4 |  4.9
Armour         | 4 5 6 7 |  7.2
Fighting       | 4 5 6 7 |  7.3
Shields        | 4 5 6 7 |  7.4
Polearms       | 2 3 4 6 7 |  7.8
Slings         | 1 2 4 |  4.9

Action                   |  1- 3 |  4- 6 |  7- 9 || total
-------------------------+-------+-------+-------++-------
Melee: War axe           |    91 |    69 |       ||   160
       Headbutt          |     7 |    22 |    59 ||    88
       Spear             |       |    48 |   338 ||   386
  Use: Scroll            |     5 |     3 |     7 ||    15
       Potion            |       |     3 |       ||     3
  Eat: Chunk             |     1 |     3 |     9 ||    13
       Ration            |       |     1 |     1 ||     2
Armor: Scale mail        |    36 |    50 |    63 ||   149
Dodge: Dodged            |    35 |    33 |    46 ||   114
Block: Shield            |    53 |    80 |   105 ||   238

Table legend:
 A = Spawn XP
 B = Non-spawn XP
 C = Spawn XP percentage of total XP
 D = Spawn monster count
 E = Non-spawn monster count
 F = Spawn count percentage of total count
 G = Total turns spent on level
                    A         B        C        D         E        F      G
               +---------+---------+-------+---------+---------+-------+---------
         Total |       0 |    3745 |   0.0 |       0 |     188 |   0.0 |  6943
               +---------+---------+-------+---------+---------+-------+---------
           D:1 |       0 |      43 |   0.0 |       0 |      25 |   0.0 |   958
           D:2 |       0 |     100 |   0.0 |       0 |      26 |   0.0 |  1419
           D:3 |       0 |     476 |   0.0 |       0 |      47 |   0.0 |   961
           D:4 |       0 |     552 |   0.0 |       0 |      21 |   0.0 |   594
           D:5 |       0 |     664 |   0.0 |       0 |      18 |   0.0 |   966
           D:6 |       0 |     990 |   0.0 |       0 |      27 |   0.0 |  1741
           D:7 |       0 |     920 |   0.0 |       0 |      24 |   0.0 |   291
               +---------+---------+-------+---------+---------+-------+---------
